Map: Port Aleksander LE

Players

Odin

  • Race: Zerg Zerg
  • League: Gold
  • Spawn Location: 5:00

keyser - Winner!

  • Race: Terran Terran
  • League: Gold
  • Spawn Location: 11:00

VOD

Have the link to the VOD?

Description

Time

  • Played on: Dec. 16, 2018, 7:48 a.m.
  • Length: 23:36
Show
View Real Time Build Order
Export as new Build Order

Odin Zerg 

Build Orders: Pool First, Ravager All-In 

Get SALT Encoding   

  12  0:05  Drone  
  13  0:08  Drone  
  14  0:19  Extractor, Drone  
  14  0:34  Spawning Pool  
  13  0:49  Drone  
  14  0:50  Overlord  
  14  1:20  Hatchery  
  14  1:25  Drone  
  14  1:37  Metabolic Boost  
  14  1:46  Zergling x4  
  16  1:50  Zergling x2  
  17  2:06  Queen  
  19  2:25  Drone x3  
  22  2:35  Queen  
  24  2:45  Drone  
  25  3:12  Drone x3  
  28  3:13  Overlord x3  
  28  3:18  Extractor  
  27  3:32  Drone x4  
  29  3:50  Roach Warren  
  29  3:51  Drone x2  
  30  3:57  Queen  
  31  4:31  Roach x8  
  47  4:50  Ravager  
  47  4:51  Ravager x4  
  52  4:54  Overlord x3  
  52  5:12  Ravager x3  
  55  5:18  Drone  
  55  5:19  Drone x6  
  62  5:25  Spore Crawler  
  61  5:31  Lair  
  61  5:46  Pneumatized Carapace  
  61  5:58  Hatchery  
  60  6:15  Roach  
  60  6:16  Roach x6  
  74  6:21  Roach  
  76  6:44  Hydralisk Den  
  76  6:46  Extractor  
  74  6:48  Drone x2  
  74  6:49  Overlord x3, Extractor  
  74  6:52  Drone  
  76  6:56  Overlord  
  76  7:23  Queen  
  76  7:27  Burrow  
  78  7:37  Drone x2  
  78  7:38  Drone  
  78  7:44  Evolution Chamber  
  80  7:45  Evolution Chamber  
  80  7:51  Grooved Spines  
  79  7:52  Infestation Pit  
  78  8:06  Drone x2  
  78  8:07  Drone x8  
  88  8:13  Overseer  
  88  8:17  Overseer  
  88  8:57  Hydralisk x5  
  88  8:58  Hydralisk x6  
  88  9:02  Muscular Augments  
  110  9:09  Glial Reconstitution  
  110  9:20  Spore Crawler  
  110  9:21  Queen x2  
  113  9:29  Overlord x2, Drone  
  114  9:47  Queen  
  116  9:57  Overlord  
  116  9:58  Overlord x3  
  116  10:03  Hydralisk x4  
  124  10:09  Drone x4  
  128  10:27  Hatchery  
  127  10:51  Drone  
  127  10:52  Drone x16  
  127  10:56  Spore Crawler  
  143  11:08  Hatchery  
  143  11:13  Hatchery  
  142  11:39  Neural Parasite  
  142  11:43  Zerg Missile Weapons Level 1, Zerg Ground Armor Level 1  
  142  11:44  Swarm Host x3  
  166  11:58  Overlord  
  166  11:59  Overlord x5  
  166  12:26  Hatchery  
  166  12:27  Lurker Den  
  164  13:04  Hive  
  164  13:48  Drone  
  164  13:49  Drone x11  
  176  13:59  Zerg Ground Armor Level 2, Zerg Missile Weapons Level 2  
  176  14:02  Hatchery  
  175  14:05  Hatchery  
  175  14:08  Evolution Chamber  
  173  14:13  Overlord  
  173  14:14  Overlord x2  
  173  14:36  Ultralisk Cavern  
  172  14:59  Viper x4  
  184  15:17  Extractor  
  184  15:19  Extractor  
  184  15:20  Extractor  
  181  15:21  Drone x3  
  181  15:22  Drone x2  
  181  15:23  Extractor  
  181  15:25  Extractor  
  181  15:28  Extractor  
  183  15:46  Pathogen Glands  
  183  15:48  Tunneling Claws  
  183  15:49  Adrenal Glands  
  183  15:50  Chitinous Plating  
  183  15:54  Ultralisk x2  
  150  16:29  Hydralisk  
  150  16:30  Hydralisk x8  
  165  17:09  Anabolic Synthesis  
  165  17:17  Drone x9  
  174  17:26  Overseer x2  
  174  17:42  Zerg Missile Weapons Level 3, Zerg Melee Weapons Level 1, Zerg Ground Armor Level 3  
  174  17:46  Adaptive Talons  
  174  17:53  Extractor x2  
  174  17:57  Hatchery  
  171  18:06  Spire  
  171  18:08  Spire  
  169  18:29  Lair  
  145  19:18  Hydralisk x9  
  145  19:19  Hydralisk x9  
  175  19:31  Drone x16  
  175  19:57  Greater Spire x2  
  117  20:49  Ultralisk  
  89  20:50  Ultralisk x4  
  89  20:52  Hydralisk x2  
  89  20:56  Zergling x44  
  89  20:57  Zergling x12  
  99  22:04  Hydralisk  
  99  22:06  Hydralisk x8  
  99  22:07  Hydralisk x4  
  98  22:40  Drone x8  
  98  22:43  Zergling x10  
  98  22:44  Zergling x26  
  114  23:07  Extractor  
  114  23:09  Hatchery  
  114  23:12  Extractor  
Show
View Real Time Build Order
Export as new Build Order

keyser Terran - Winner!

Build Orders: Mech 

Get SALT Encoding   

  12  0:01  SCV  
  13  0:17  Supply Depot  
  13  0:20  SCV  
  14  0:33  SCV  
  15  0:39  Barracks  
  15  0:47  Refinery  
  15  0:49  SCV  
  16  1:01  SCV  
  17  1:14  SCV  
  18  1:27  Supply Depot  
  18  1:32  Orbital Command  
  18  1:35  Refinery  
  18  1:36  Reaper  
  19  2:01  SCV  
  20  2:08  Marine  
  20  2:10  Factory  
  21  2:26  Marine  
  22  2:33  SCV  
  23  2:40  Command Center  
  23  2:44  Marine  
  24  2:58  Hellion  
  25  2:59  Starport  
  25  3:15  SCV, Bunker  
  26  3:21  Marine  
  26  3:23  Widow Mine  
  29  3:28  SCV  
  30  3:40  SCV  
  31  3:54  Barracks Tech Lab  
  31  3:59  Factory, SCV  
  32  4:07  Starport Tech Lab  
  32  4:11  Factory Tech Lab  
  32  4:40  Siege Tank  
  35  4:55  Orbital Command  
  35  4:57  Engineering Bay  
  35  4:58  Supply Depot x2  
  35  4:59  Supply Depot  
  35  5:12  Siege Tank  
  38  5:16  SCV, Supply Depot  
  39  5:25  Refinery  
  39  5:26  Refinery  
  40  5:28  Neosteel Armor, SCV  
  40  5:30  SCV  
  41  5:40  Raven, SCV  
  41  5:42  SCV  
  45  5:48  Barracks Reactor  
  45  5:52  SCV  
  45  5:54  SCV  
  47  5:59  Infernal Pre-Igniter  
  47  6:04  SCV  
  47  6:07  SCV  
  49  6:16  Missile Turret, SCV  
  50  6:18  Missile Turret  
  50  6:22  Siege Tank  
  53  6:29  Factory  
  53  6:36  SCV  
  53  6:37  SCV  
  53  6:39  Siege Tank  
  58  6:44  Armory  
  58  6:48  SCV  
  61  7:23  Hellion x2  
  61  7:25  Starport Reactor  
  63  7:30  Command Center  
  63  7:35  Siege Tank  
  66  7:37  SCV  
  69  7:44  Hellion x2  
  69  7:45  Factory  
  69  7:47  Armory  
  71  7:53  Armory  
  71  7:59  Hi-Sec Auto Tracking  
  75  8:05  Hellion  
  75  8:06  Hellion  
  75  8:07  Supply Depot  
  75  8:09  Supply Depot  
  75  8:19  Viking  
  77  8:29  Viking  
  79  9:08  Refinery  
  79  9:32  Orbital Command  
  79  9:34  SCV  
  79  9:35  SCV  
  81  9:46  SCV  
  81  9:47  SCV  
  83  9:55  Medivac x2  
  83  9:59  SCV x2  
  89  10:01  Terran Vehicle Weapons Level 1  
  89  10:02  Terran Ship Weapons Level 1, Terran Vehicle And Ship Armor Level 1  
  89  10:04  Siege Tank  
  89  10:06  Thor  
  98  10:08  Hellion x2  
  98  10:10  Siege Tank  
  98  10:11  SCV  
  98  10:13  SCV  
  107  10:21  Command Center  
  107  10:25  Medivac  
  109  10:29  Supply Depot  
  109  10:30  Supply Depot x2  
  109  10:35  SCV, Hellion x2, Medivac  
  116  10:44  Supply Depot  
  116  10:45  Supply Depot  
  116  10:47  SCV  
  117  10:53  SCV x2  
  117  10:55  Refinery  
  117  10:56  Hellion x2  
  123  10:59  SCV  
  124  11:05  SCV  
  124  11:08  Supply Depot  
  124  11:10  Supply Depot  
  126  11:11  SCV  
  126  11:18  Hellion x2  
  130  11:23  SCV  
  131  11:28  SCV x2  
  133  11:33  Thor, Siege Tank x2  
  133  11:35  SCV  
  133  11:39  Hellion x2, Medivac x2  
  154  11:40  SCV x2  
  156  12:00  Hellion x2  
  160  12:05  Thor, Siege Tank  
  160  12:06  Sensor Tower  
  169  12:11  Liberator  
  169  12:16  Siege Tank  
  169  12:19  Sensor Tower  
  172  12:24  Terran Vehicle Weapons Level 2, Terran Ship Weapons Level 2  
  172  12:25  Terran Vehicle And Ship Armor Level 2  
  175  12:39  Command Center  
  175  12:40  Planetary Fortress  
  175  12:46  SCV x3  
  178  12:58  SCV  
  179  13:14  Siege Tank x2  
  179  13:15  Siege Tank  
  179  13:18  Hellion x2  
  190  13:39  Hellion x2  
  194  13:44  Starport  
  194  13:47  Hellion  
  196  13:51  Hellion  
  196  13:52  Starport  
  198  13:59  Orbital Command  
  198  14:00  Hellion  
  200  14:05  Command Center  
  200  14:34  Refinery  
  200  14:35  Refinery  
  200  14:43  Terran Ship Weapons Level 3, Terran Vehicle Weapons Level 3  
  200  14:44  Terran Vehicle And Ship Armor Level 3  
  200  14:46  Starport Tech Lab x2  
  198  14:57  Sensor Tower  
  198  16:00  Orbital Command  
  198  16:09  Thor  
  183  16:46  Fusion Core  
  171  17:15  Viking x2  
  171  17:21  Orbital Command  
  175  17:43  Weapon Refit  
  175  17:45  Viking x2  
  179  17:51  Battlecruiser  
  179  17:52  Battlecruiser  
  191  18:12  Hellion x13  
  191  18:15  Viking x2  
  191  18:18  SCV x2  
  197  18:45  Viking  
  198  18:54  SCV x2  
  198  18:55  Banshee  
  197  19:22  Hellion  
  187  19:45  Battlecruiser x2  
  187  19:55  Refinery x2  
  187  20:02  Hellion  
  187  20:03  Hellion x3  
  187  20:04  Siege Tank  
  177  20:49  Battlecruiser x2  
  170  20:58  Siege Tank x3  
  175  21:30  Siege Tank x2  
  175  21:31  Siege Tank  
  147  22:11  Orbital Command  
  146  22:16  Orbital Command  
  146  22:18  Orbital Command  
  158  22:51  Viking x2  
Tags
 
Composition
Mech
League
GoldGold
Matchup
TvZ
Opening
Pool First
Spawn Locations
Cross Positions
Add a new tag
Caveats
  • Supply blocks, unpowered buildings, or Contaminate may cause inaccurate times.
  • Supply counts are checked every 10 seconds.